 Dungeon Crawl Stone Soup version 0.27.1 (webtiles) character file.

Game seed: 1702086205023033725

45 ZARRMARR the Shooter (level 3, 0/21 HPs)
             Began as a Deep Elf Hunter on Aug 29, 2021.
             Slain by an orc (9 damage)
             ... on level 2 of the Dungeon.
             The game lasted 00:07:10 (1692 turns).

ZARRMARR the Shooter (Deep Elf Hunter)              Turns: 1692, Time: 00:07:10

Health: 0/21       AC:  3    Str:  9    XL:     3   Next: 42%
Magic:  5/5        EV: 12    Int: 22    God:
Gold:   39         SH:  0    Dex: 15    Spells: 2/2 levels left

rFire    . . .     SeeInvis .   (no weapon)
rCold    . . .     Faith    .   (no shield)
rNeg     . . .     Spirit   .   c - +0 leather armour
rPois    .         Reflect  .   (no helmet)
rElec    .         Harm     .   (no cloak)
rCorr    .         Rampage  .   (no gloves)
Will     .....                  (no boots)
Stlth    ++........             (no amulet)
HPRegen  0.07/turn              k - +6 ring of intelligence
MPRegen  0.09/turn              (no ring)

@: no status effects
A: no striking features
a: no special abilities


You were on level 2 of the Dungeon.
You visited 1 branch of the dungeon, and saw 3 of its levels.

You collected 39 gold pieces.

Inventory:

Hand Weapons
 e - a +3 longbow of freezing
Armour
 c - a +0 leather armour (worn)
Jewellery
 a - a ring of ice
 k - a +6 ring of intelligence (left hand)
Scrolls
 b - a scroll of teleportation
 m - a scroll of identify {unknown}
Potions
 f - a potion of invisibility {unknown}
 g - 3 potions of flight {unknown}
 h - 2 potions of mutation {unknown}
 i - a potion of heal wounds {unknown}
 j - 2 potions of curing {unknown}
 l - 2 potions of degeneration {unknown}


   Skills:
 + Level 1.8 Fighting
 + Level 6.6 Bows
 + Level 2.7 Dodging
 - Level 1.2 Stealth


You had 2 spell levels left.
You didn't know any spells.
Your spell library contained the following spells:

 Spells                   Type           Power      Damage    Failure   Level
 Gell's Gravitas          Tloc           0%         N/A       56%         3
 Lesser Beckoning         Tloc           0%         N/A       56%         3
 Teleport Other           Tloc           0%         N/A       56%         3


Dungeon Overview and Level Annotations

Branches:
Dungeon (3/15)

Altars:

Shops:
D:2 !:(

Annotations:
D:3 Sigmund


Message History

You shoot an arrow. The arrow barely misses Sigmund.
Sigmund barely misses you.
Fire: arrow
Press: ? - help, Q - select action Shift-Dir - straight line, f/p - Sigmund
Aim: Sigmund, wielding a +0 scythe and wearing a +2 robe of cold resistance (60% to hit)
You shoot an arrow. The arrow closely misses Sigmund.
Sigmund barely misses you.
Sigmund is suddenly surrounded by pale red light.
Sigmund points at you and mumbles some strange words.
You resist with some effort.
There is a stone staircase leading up here.
You climb upwards.
There is a stone staircase leading down here.
You start resting.
HP restored.
Okay, then.
Unknown command.
You see here a +0 spear.
There is a stone staircase leading down here.
Your +3 longbow of freezing stops glowing.
You are now empty-handed.
You climb downwards.
Level annotation: Sigmund The orc shouts! x2; You hear a shout!
An adder comes into view.
An orc comes into view. It is wielding a +0 falchion.
Found a stone staircase leading down.
There is a stone staircase leading up here.
The orc hits you with a +0 flail.
You climb upwards.
There is a stone staircase leading down here.
You closely miss the orc. The orc hits you with a +0 flail!
You barely miss the orc. The orc hits you with a +0 flail.
You closely miss the orc. The orc hits you with a +0 flail.
You closely miss the orc. The orc closely misses you.
You closely miss the orc. The orc misses you.
You hit the orc.
The orc is lightly wounded.
The orc hits you with a +0 flail!
You die...

.#
###..###########.#
##.## .###...##
#####.###..#
.....###
#####.........##
##...#
#.....###.########
###.######.#####
#........#
###.....)..##
####.....######
#........#..#######
#.....##....
#.#########..##o..#
##..####.... ##.#
##..#@..# #.## #...<
...### ###.....# #.#
#####
.....#######.......#
#.# #
######^......###...#
#.# # # #.#######
#...# #.##### # #.#
##### #.[...# # ##
#.# #.....# #
.#####.# ###
#.....## # ....<#.##
#######.# #......#


You could see an orc.

Vanquished Creatures
  A dart slug (D:3)
  2 ball pythons
  3 bats
  5 endoplasms
  3 giant cockroaches (D:2)
  4 goblins
  4 hobgoblins
  A quokka (D:2)
  3 frilled lizards (D:2)
  8 kobolds
  2 rats (D:2)
36 creatures vanquished.

Vanquished Creatures (others)
  5 plants (D:2)
5 creatures vanquished.

Grand Total: 41 creatures vanquished

Notes
Turn   | Place    | Note
-------+----------+-------------------------------------------
     0 | D:1      | ZARRMARR the Deep Elf Hunter began the quest for the Orb.
     0 | D:1      | Reached XP level 1. HP: 12/12 MP: 3/3
   219 | D:1      | Reached XP level 2. HP: 16/16 MP: 4/4
   295 | D:1      | Reached skill level 6 in Bows
   610 | D:1      | Identified a scroll of acquirement
   610 | D:1      | Acquired a +3 longbow of freezing
   682 | D:2      | Found Lel Ypuc's Weapon Boutique.
   833 | D:2      | Found a faded altar of an unknown god.
   846 | D:2      | Found Popsoev's Distillery.
   938 | D:2      | Reached XP level 3. HP: 21/21 MP: 5/5
   960 | D:2      | Found Luny Qyrph's Book Shop.
  1603 | D:3      | Noticed Sigmund
  1692 | D:2      | Slain by an orc

Illustrated notes

Levels and vault maps discovered:
D:1:      heliophobic_arrival_ceremonial_halls, layout_loops_ring
D:2:      layout_rooms, serial_shops, shop, shop, nicolae_shop_window_shopping,
          basic_ecumenical_altar, corner_web_ring, lexackson_kobold_supper
D:3:      layout_basic, uniq_sigmund, uniq_grinder

Skill      XL: |  1  2 |
---------------+-------+-----
Bows           | 6 |  6.6
Fighting       | |  1.8
Dodging        | |  2.7
Stealth        | |  1.2

Action                   || total
-------------------------++-------
Melee: Longbow           ||    12
       Unarmed           ||     6
 Fire: Shortbow          ||    29
       Longbow           ||    44
  Use: Scroll            ||     2
Armor: Leather armour    ||    10
Dodge: Dodged            ||    28
